Map: Port Aleksander LE

Players

Bacon - Winner!

  • Race: Protoss Protoss
  • League: Platinum
  • Spawn Location: 11:00

XanaX

  • Race: Terran Terran
  • Spawn Location: 5:00

VOD

Have the link to the VOD?

Description

Time

  • Played on: Jan. 22, 2019, 12:10 p.m.
  • Length: 35:57
Show
View Real Time Build Order
Export as new Build Order

Bacon Protoss - Winner!

Build Orders: Chargelot Immortal 

Get SALT Encoding   

  12  0:01  Probe  
  13  0:13  Probe  
  14  0:20  Pylon  
  14  0:25  Probe  
  15  0:38  Probe  
  16  0:43  Gateway  
  16  0:48  Probe  
  16  0:56  Probe  
  17  1:00  Assimilator  
  18  1:05  Probe  
  19  1:20  Probe  
  20  1:32  Probe  
  21  1:37  Cybernetics Core  
  21  1:44  Probe  
  21  1:50  Pylon  
  21  1:55  Assimilator  
  21  1:56  Probe  
  21  1:57  Gateway  
  22  2:09  Probe  
  22  2:10  Zealot  
  25  2:21  Probe  
  26  2:32  Twilight Council  
  26  2:37  Warp Gate, Stalker  
  28  2:44  Stalker  
  30  2:57  Nexus  
  30  3:10  Charge  
  30  3:18  Gateway  
  30  3:46  Pylon  
  30  3:51  Robotics Facility  
  30  4:00  Forge  
  30  4:12  Shield Battery  
  30  4:28  Zealot  
  30  4:29  Zealot x2  
  36  4:40  Photon Cannon, Probe  
  36  4:41  Probe  
  38  4:48  Probe  
  39  4:53  Probe  
  39  4:57  Probe  
  39  4:59  Sentry  
  42  5:00  Observer  
  42  5:04  Zealot x2  
  42  5:05  Probe x2  
  49  5:13  Probe  
  50  5:17  Probe  
  52  5:24  Probe  
  52  5:27  Zealot  
  53  5:29  Probe  
  53  5:30  Pylon  
  53  5:32  Pylon  
  54  5:41  Assimilator  
  54  5:44  Pylon  
  54  5:45  Protoss Ground Weapons Level 1  
  54  5:46  Shield Battery  
  54  5:49  Probe x2  
  56  5:54  Pylon  
  56  6:01  Probe x2  
  56  6:03  Observer  
  58  6:05  Observer  
  58  6:08  Zealot x2  
  58  6:09  Zealot  
  65  6:31  Zealot x3  
  71  6:48  Photon Cannon  
  71  6:51  Photon Cannon, Probe  
  72  7:03  Probe  
  73  7:15  Probe  
  74  7:27  Probe  
  67  7:43  Zealot x3  
  71  7:46  Immortal  
  71  7:48  Observer  
  71  7:53  Photon Cannon  
  75  8:07  Dark Shrine  
  75  8:18  Stalker x3  
  81  8:25  Immortal  
  81  8:26  Pylon  
  85  8:45  Pylon  
  85  8:46  Pylon  
  85  8:47  Protoss Ground Weapons Level 2  
  85  8:49  Photon Cannon  
  85  8:53  Zealot  
  85  8:54  Zealot x2  
  91  9:03  Pylon  
  91  9:04  Nexus  
  91  9:05  Immortal  
  95  9:44  Immortal  
  97  10:02  Dark Templar x3  
  103  10:08  Probe  
  104  10:15  Gateway  
  104  10:18  Gateway, Assimilator  
  104  10:19  Gateway, Probe  
  104  10:20  Assimilator  
  105  10:21  Observer  
  105  10:22  Gateway  
  105  10:31  Probe  
  106  10:43  Probe  
  106  10:44  Forge  
  106  10:49  Dark Templar x3  
  113  10:53  Archon x2  
  113  10:54  Archon  
  113  10:55  Probe  
  114  10:58  Immortal  
  118  11:07  Probe  
  119  11:21  Protoss Ground Armor Level 1, Protoss Ground Weapons Level 3  
  119  11:22  Dark Templar  
  119  11:25  Zealot x3  
  123  11:26  Zealot x3  
  133  11:46  Pylon  
  133  12:04  Immortal, Probe  
  133  12:07  Photon Cannon  
  137  12:16  Probe, Zealot  
  140  12:28  Probe  
  141  12:33  Photon Cannon  
  141  12:40  Probe  
  122  12:48  Observer  
  115  13:03  Dark Templar x4  
  115  13:04  Dark Templar x2  
  79  13:53  Archon x2  
  79  13:55  Observer  
  77  13:59  Dark Templar x5  
  77  14:00  Dark Templar  
  89  14:03  Archon x3  
  81  14:52  Zealot x5  
  89  14:53  Zealot  
  89  14:56  Probe  
  94  15:07  Nexus  
  94  15:08  Pylon, Probe  
  87  15:20  Probe  
  88  15:26  Zealot  
  88  15:27  Zealot x5  
  100  15:31  Protoss Ground Armor Level 2, Protoss Shields Level 1  
  100  15:32  Probe  
  101  15:41  Protoss Air Weapons Level 1  
  101  15:51  Stargate  
  101  15:53  Robotics Facility  
  101  15:54  Robotics Facility  
  95  15:59  Robotics Facility  
  91  16:25  Photon Cannon  
  91  16:27  Photon Cannon  
  91  16:32  Assimilator  
  91  16:36  Assimilator  
  91  16:37  Assimilator  
  91  16:45  Probe  
  92  16:50  Immortal x3  
  92  16:52  Dark Templar x3  
  92  16:54  Observer  
  110  16:56  Probe  
  110  16:57  Probe  
  112  17:04  Probe  
  112  17:06  Zealot x3  
  119  17:09  Probe  
  119  17:13  Probe  
  121  17:25  Probe  
  121  17:29  Immortal  
  126  17:38  Probe  
  126  17:39  Photon Cannon  
  126  17:43  Photon Cannon  
  127  17:46  Pylon  
  127  17:50  Dark Templar x3  
  127  17:51  Dark Templar x2  
  137  17:53  Immortal  
  144  18:01  Immortal  
  144  18:02  Photon Cannon  
  140  18:19  Dark Templar x2  
  144  18:23  Archon x4  
  144  18:24  Archon  
  144  18:26  Zealot x4  
  144  18:27  Zealot  
  154  18:31  Observer  
  154  18:32  Protoss Ground Armor Level 3  
  150  18:49  Observer  
  150  18:52  Photon Cannon  
  106  19:50  Photon Cannon  
  106  19:54  Zealot x4  
  114  20:20  Nexus  
  112  20:22  Photon Cannon  
  74  20:44  Immortal x3  
  78  20:52  Zealot x6  
  78  20:53  Zealot  
  92  21:02  Pylon  
  92  21:08  Gateway  
  92  21:11  Gateway  
  92  21:20  Dark Templar x5  
  92  21:23  Immortal x2  
  110  21:28  Templar Archives  
  110  21:35  Dark Templar x2  
  110  21:38  Assimilator  
  110  22:03  Dark Templar x3  
  110  22:33  Psionic Storm  
  104  22:38  Pylon  
  104  22:44  High Templar x3  
  108  22:50  Pylon  
  106  23:14  High Templar x2  
  106  23:15  Zealot  
  106  23:16  Zealot x2  
  116  23:24  Pylon  
  116  23:28  Photon Cannon  
  116  23:31  Photon Cannon  
  116  23:32  Photon Cannon  
  116  23:34  Photon Cannon  
  116  23:35  Shield Battery  
  115  24:11  Zealot x3  
  121  24:39  Pylon  
  72  25:32  Pylon  
  72  25:33  Zealot x2  
  66  25:55  Zealot x2  
  49  26:17  Gateway  
  49  26:21  Zealot x2  
  53  26:26  Immortal x3  
  65  26:41  Twilight Council  
  65  26:49  Adept x2  
  69  26:58  Nexus  
  69  26:59  Pylon  
  69  27:05  Immortal x3  
  81  27:25  Adept  
  81  27:26  Adept  
  85  27:44  Immortal  
  85  28:05  Templar Archives  
  85  28:18  Nexus  
  85  28:19  Pylon  
  85  28:20  Stalker x3  
  88  28:53  Pylon  
  88  28:58  Observer  
  89  29:19  Observer  
  82  29:26  High Templar x3  
  87  29:39  Probe  
  88  29:47  Probe  
  89  29:57  Probe  
  90  30:01  Gateway  
  90  30:02  Assimilator  
  90  30:04  Assimilator  
  90  30:07  High Templar x2  
  90  30:08  High Templar  
  90  30:09  Probe  
  97  30:16  Cybernetics Core  
  66  31:22  Archon  
  66  31:23  Archon  
  54  31:50  Probe  
  54  31:59  Forge, Probe  
  56  32:08  Probe  
  57  32:18  Pylon  
  57  32:20  Probe  
  58  32:23  High Templar x3  
  64  32:33  Probe  
  63  32:45  Probe  
  62  32:57  Probe  
  62  32:58  Zealot x3  
  69  33:01  Immortal x3  
  69  33:05  Photon Cannon  
  81  33:06  Photon Cannon  
  81  33:08  Pylon  
  81  33:10  Photon Cannon  
  81  33:26  Probe  
  82  33:34  Probe  
  82  33:35  Photon Cannon  
  82  33:51  Zealot x3  
  86  34:09  Nexus  
  86  34:13  Pylon  
  76  34:48  Archon  
  66  35:29  Nexus  
  66  35:31  Pylon  
Show
View Real Time Build Order
Export as new Build Order

XanaX Terran 

Build Orders:  

Get SALT Encoding   

  12  0:00  SCV  
  13  0:16  Supply Depot  
  13  0:18  SCV  
  14  0:26  Refinery  
  14  0:30  SCV  
  15  0:43  Barracks  
  15  0:47  SCV  
  16  0:59  SCV  
  17  1:07  Refinery  
  17  1:12  SCV  
  18  1:23  Engineering Bay  
  19  1:30  Orbital Command  
  18  1:49  Barracks Tech Lab  
  18  1:54  Supply Depot  
  18  1:56  Terran Infantry Weapons Level 1  
  18  2:01  SCV  
  19  2:12  Ghost Academy  
  19  2:15  Marine  
  20  2:18  SCV  
  21  2:31  Barracks  
  21  2:35  SCV  
  21  2:36  Marine  
  23  2:46  Personal Cloaking  
  23  2:47  SCV  
  24  2:54  Marine  
  25  2:59  SCV  
  26  3:08  Supply Depot  
  26  3:12  Ghost  
  28  3:16  Missile Turret  
  28  3:17  Marine  
  29  3:25  SCV  
  30  3:37  SCV  
  30  3:38  Marine  
  30  3:40  Ghost  
  34  3:45  Combat Shield  
  34  3:49  SCV  
  35  4:03  Missile Turret  
  35  4:09  SCV  
  36  4:13  Missile Turret  
  36  4:17  Factory  
  36  4:29  Missile Turret  
  36  4:36  Missile Turret  
  36  4:37  SCV  
  36  4:38  Ghost Academy  
  37  4:54  Command Center  
  37  5:01  Nuke  
  37  5:07  SCV  
  37  5:11  Terran Infantry Armor Level 1  
  38  5:14  Barracks Reactor  
  38  5:32  Supply Depot  
  38  5:34  Nuke  
  38  5:54  Marauder, Widow Mine  
  42  6:00  Marine x2  
  44  6:15  Marine  
  45  6:33  Planetary Fortress  
  45  6:41  Command Center, SCV  
  45  6:42  Marine x2  
  48  6:48  Starport  
  48  6:50  Starport  
  48  6:53  SCV  
  49  7:05  SCV  
  50  7:12  Nuke x2  
  50  7:13  SCV  
  51  7:17  SCV  
  52  7:23  Refinery, Marine x2  
  52  7:25  SCV  
  52  7:27  Viking  
  52  7:29  SCV  
  56  7:41  SCV  
  57  7:53  Ghost  
  59  8:05  Marine x2  
  60  8:11  Barracks, Starport Reactor  
  60  8:12  Viking  
  63  8:13  Barracks  
  63  8:22  Marine  
  63  8:23  Missile Turret, Marine  
  63  8:24  Missile Turret  
  65  8:28  SCV  
  65  8:29  SCV  
  65  8:30  Sensor Tower  
  67  8:40  SCV  
  68  8:41  SCV  
  68  8:43  Planetary Fortress  
  69  8:58  SCV  
  69  9:00  Ghost  
  72  9:05  Marine x3  
  75  9:10  SCV  
  75  9:11  Supply Depot x2  
  76  9:22  SCV  
  77  9:32  Ghost  
  75  9:55  SCV  
  75  9:58  Barracks Reactor  
  75  9:59  Barracks Reactor  
  76  10:04  Armory, Supply Depot  
  76  10:05  Medivac  
  76  10:06  Starport Tech Lab  
  78  10:07  SCV  
  78  10:08  Supply Depot  
  78  10:10  SCV  
  78  10:12  Marine x2  
  82  10:14  Stimpack  
  82  10:15  Hellion  
  82  10:16  Marine  
  82  10:21  SCV  
  86  10:22  SCV  
  86  10:24  Refinery  
  86  10:25  Refinery  
  86  10:28  Medivac, Refinery  
  89  10:33  SCV  
  89  10:34  SCV  
  89  10:35  Marine x5  
  93  10:36  Marine x2  
  98  10:44  Viking  
  98  10:45  SCV  
  98  10:47  SCV  
  102  10:53  Missile Turret, Marine x6  
  102  10:54  Marine  
  102  10:55  Missile Turret  
  109  11:15  Supply Depot  
  109  11:17  Supply Depot  
  109  11:19  Sensor Tower, Supply Depot  
  109  11:34  Factory Tech Lab  
  109  11:36  SCV, Marine x7  
  117  11:44  Nuke x2  
  117  11:48  SCV  
  117  11:53  Ghost  
  117  11:54  Marine x6  
  118  12:00  SCV  
  127  12:11  SCV  
  127  12:14  Siege Tank  
  131  12:22  Marine x2  
  132  12:28  Supply Depot  
  133  12:30  Terran Infantry Weapons Level 2  
  133  12:32  Supply Depot  
  133  12:40  Ghost  
  129  12:46  Siege Tank  
  121  12:53  Marine x2  
  123  13:09  Marine x2  
  125  13:15  Marine x2  
  125  13:16  Marine x3  
  130  13:20  Nuke x2  
  130  13:27  Marine x2  
  121  13:33  Marine x2  
  54  13:57  Marine x2  
  54  13:58  Marine x5  
  54  14:01  Command Center  
  54  14:02  Siege Tank  
  64  14:15  Marine x6  
  64  14:16  Marine  
  65  14:33  Marine x7  
  54  14:50  Marine  
  54  14:51  Medivac x2, Marine x6  
  54  14:52  Medivac  
  67  14:55  Terran Infantry Armor Level 2  
  67  14:56  Command Center  
  67  15:03  Command Center  
  67  15:08  Marine  
  67  15:09  Marine x6  
  63  15:21  Medivac x2  
  63  15:25  Banshee  
  63  15:26  Marine  
  63  15:27  Marine x6  
  77  15:36  SCV  
  78  15:44  Marine x6  
  78  15:45  Marine  
  81  16:02  Marine x5  
  76  16:05  Marine  
  76  16:06  Marine  
  76  16:08  Raven  
  72  16:19  Marine  
  72  16:20  Marine  
  72  16:21  Cloaking Field  
  74  16:31  Marine x5  
  79  16:49  Cyclone  
  79  16:50  Marauder  
  79  16:53  SCV  
  85  17:03  SCV  
  86  17:11  Planetary Fortress, Marauder  
  86  17:15  SCV  
  89  17:16  Marine x2  
  89  17:17  Marine  
  92  17:26  Viking  
  92  17:27  SCV  
  95  17:38  Marine x2  
  95  17:39  SCV  
  95  17:40  Banshee  
  101  17:44  Marine x2  
  101  17:45  Medivac  
  105  18:04  Planetary Fortress  
  101  18:23  Raven  
  101  18:26  Marine x5  
  101  18:27  Marine x2  
  108  18:29  SCV  
  111  18:44  Marine x7  
  117  19:01  Marine  
  117  19:02  Marine x6  
  123  19:05  SCV  
  123  19:08  Refinery  
  122  19:18  SCV  
  122  19:19  Marine  
  122  19:20  Marine x6  
  112  19:37  Ghost, Marine  
  112  19:38  Marine x5  
  101  19:55  Marine x5  
  101  19:56  Marine  
  106  20:06  Ghost  
  108  20:10  Nuke x2  
  108  20:13  Marine x6  
  117  20:14  Siege Tank  
  106  20:31  Marine x6  
  106  20:35  Marine  
  83  20:48  Marine  
  83  20:49  Marine x5  
  89  20:52  SCV  
  89  20:53  Marine  
  91  21:04  SCV  
  91  21:06  Marine  
  91  21:07  Marine x5  
  91  21:10  Marine  
  99  21:24  Marine x2  
  99  21:25  Marine x4  
  105  21:28  Marine  
  105  21:42  Marine x2  
  105  21:43  Marine x4  
  105  21:46  Marine  
  89  22:05  Marine  
  89  22:06  Marine x6  
  96  22:09  SCV  
  96  22:11  Refinery  
  90  22:21  SCV  
  89  22:23  Marine  
  89  22:24  Marine x6  
  89  22:27  Nuke x2  
  88  22:41  Marine  
  88  22:42  Marine x6  
  95  22:49  SCV  
  96  22:52  Raven  
  96  22:54  Command Center  
  98  22:59  Marine x5  
  98  23:00  Marine x2  
  98  23:01  SCV  
  101  23:17  Marine x7  
  108  23:35  Marine  
  108  23:50  Marine  
  108  23:53  Siege Tank, Ghost  
  114  24:14  Marine  
  114  24:15  Marine x5  
  120  24:21  Ghost  
  122  24:26  Siege Tank  
  121  24:32  Marine x2  
  121  24:33  Marine x4  
  124  24:50  Marine x7  
  131  24:58  Siege Tank  
  113  25:19  Marine  
  113  25:20  Marine x6  
  82  25:34  Siege Tank  
  85  25:37  Marine  
  85  25:38  Marine x6  
  66  25:55  Marine x4  
  66  25:56  Marine  
  66  26:02  Marine  
  66  26:03  Marine  
  65  26:13  Marine x5  
  65  26:16  SCV x2  
  72  26:20  Marine x2  
  74  26:28  SCV  
  74  26:30  Marine  
  74  26:31  Marine x4  
  80  26:34  Nuke  
  80  26:38  Planetary Fortress, Marine x2  
  82  26:46  Neosteel Armor  
  82  26:48  Marine  
  82  26:49  Marine x2  
  82  26:53  SCV  
  86  26:56  Ghost  
  88  27:15  Marine x3  
  89  27:16  Marine  
  89  27:21  Medivac  
  94  27:26  Command Center, Marauder  
  94  27:27  Marine x2  
  97  27:40  Siege Tank  
  100  27:47  Marauder  
  101  28:12  Siege Tank  
  104  28:20  Fusion Core  
  104  28:44  Siege Tank  
  98  29:29  Command Center  
  98  29:55  Marine x3  
  98  29:56  Marine  
  98  29:57  Siege Tank  
  105  30:11  Command Center  
  105  30:12  Refinery  
  103  30:29  Siege Tank  
  64  31:12  Marine  
  49  31:19  Siege Tank  
  44  31:39  Banshee  
  43  31:44  Planetary Fortress  
  22  31:49  Marine x7  
  27  32:07  Marine x7  
  34  32:15  Hyperflight Rotors  
  34  32:21  SCV  
  34  32:22  Banshee  
  35  32:24  Marine  
  35  32:25  Marine x6  
  35  32:26  Refinery  
  35  32:27  SCV  
  35  32:29  Refinery  
  46  32:33  SCV  
  47  32:39  SCV  
  47  32:42  Marine  
  47  32:43  Marine x6  
  49  32:53  SCV  
  50  33:00  Marine  
  50  33:01  Planetary Fortress, Marine x5  
  55  33:05  SCV  
  55  33:10  Marine  
  57  33:19  Marauder  
  59  33:29  Marine x3  
  59  33:30  Marine x3  
  65  33:41  Marauder  
  67  33:47  Marine  
  68  33:53  Marine  
  68  33:54  Marine x4  
  73  34:01  Marine  
  74  34:03  SCV  
  74  34:05  Marine  
  76  34:11  Marine x4  
  76  34:12  Marine  
  81  34:19  Marine  
  81  34:23  Marine  
  76  34:29  Marine  
  44  34:55  Marine  
  44  34:56  Marine x2  
Tags
 
Add a new tag
Caveats
  • Supply blocks, unpowered buildings, or Contaminate may cause inaccurate times.
  • Supply counts are checked every 10 seconds.